[Event "Early-Titled-Tuesday-Blitz-September-26-2023"]
[Site "Chess.com"]
[Date "2023.09.26"]
[Round "4"]
[White "betta2004"]
[Black "attack2mateU"]
[Result "0-1"]
[WhiteElo "2549"]
[BlackElo "2747"]
[TimeControl "180+1"]
[EndTime "8:40:31 PDT"]
[Termination "attack2mateU won by resignation"]

1. e4 c5 2. Nc3 d6 3. d4 cxd4 4. Qxd4 Nc6 5. Qd2 g6 6. b3 Bh6 7. f4 Nf6 8. Bb2 O-O 9. O-O-O e5 10. g3 Re8 11. Bg2 Bg4 12. Rf1 Rc8 13. h3 Be6 14. Nd5 Bxd5 15. exd5 Nd4 16. Bxd4 exd4 17. Qxd4 Qa5 18. a4 Re1+ 19. Rxe1 Qxe1+ 20. Qd1 Qxg3 21. Qf3 Bxf4+ 22. Kb2 Be5+ 23. Ka3 Rxc2 24. Qxg3 Bxg3 25.
Bf3 Rf2 26. h4 h5 27. Rh3 Be5 28. Ne2 a5 29. b4 b6 30. bxa5 bxa5 31. Kb3 Nd7 32.
Kc4 Nc5 33. Kb5 Rf1 34. Bg2 Rb1+ 35. Kc6 Nxa4 36. Ra3 Rb6+ 37. Kd7 Rb4 38. Nc1 Nc5+ 39. Ke7 a4 40. Nd3 Nxd3 41. Rxd3 Rb3 42. Rd2 a3 43. Rc2 Kg7 44. Rf2 f5 45. Rc2 Rb2 46.
Rc7 a2 47. Ke8+ Kh6 48. Bf1 a1=Q 49. Bb5 Qa8+ 50. Kf7 Rxb5 51. Ke6 Qxd5+ 52. Ke7 f4 53. Kf8 Bg7+ 54. Rxg7 Rb8+ 55. Ke7 Qb7+ 56. Ke6 Qxg7 0-1

[Event "Early-Titled-Tuesday-Blitz-September-26-2023"]
[Site "Chess.com"]
[Date "2023.09.26"]
[Round "4"]
[White "Chaos_Magic"]
[Black "jaskol95"]
[Result "0-1"]
[WhiteElo "2419"]
[BlackElo "2610"]
[TimeControl "180+1"]
[EndTime "8:40:31 PDT"]
[Termination "jaskol95 won on time"]

1. d4 d5 2. Nf3 c6 3. c4 Nf6 4. Nbd2 a6 5. b3 Bf5 6. e3 h6 7. Bb2 e6 8. Be2 Nbd7 9. O-O Be7 10. Rc1 O-O 11. Ne5 Nxe5 12. dxe5 Nd7 13. f4 f6 14. Bf3 fxe5 15. fxe5 Bc5 16. Bd4 Qb6 17. Nb1 Bxd4 18. exd4 Nxe5 19. cxd5 exd5 20. Nc3 Nd3 21. Rc2 Qxd4+ 22. Kh1 Rae8 23. h3 Qh4 24. Nxd5 cxd5 25.
Bxd5+ Kh8 26. Rxf5 Rxf5 27. Qxd3 Qf4 28. g3 Re1+ 29.
Kg2 Qf1+ 30. Qxf1 Rexf1 31. Bxb7 Rf8 32. Be4 R1f6 33. Bd3 Rd8 34. Bc4 Kh7 35. Re2 Kg6 36. a4 Rfd6 37. Kf2 a5 38. Re5 Rd2+ 39. Kf3 Rf8+ 40.
Ke3 Rd6 41. Rxa5 Re8+ 42. Kf3 Rf6+ 43. Kg2 Rd8 44. Ra6 Rd2+ 45. Kg1 Rxa6 46. Bxa6 Rb2 47. Bc4 Ra2 48. Bd5 Kf6 49. Bc6 Rb2 50. Bd5 Ke5 51. Bf7 Ke4 52. a5 Kf3 53. a6 Kxg3 54. Bc4 Ra2 0-1

[Event "Early-Titled-Tuesday-Blitz-September-26-2023"]
[Site "Chess.com"]
[Date "2023.09.26"]
[Round "4"]
[White "halfnatty"]
[Black "InitiatingASC"]
[Result "1-0"]
[WhiteElo "2561"]
[BlackElo "2343"]
[TimeControl "180+1"]
[EndTime "8:40:31 PDT"]
[Termination "halfnatty won by checkmate"]

1. c4 e5 2. Nc3 Nf6 3. Nf3 Nc6 4. e4 Bb4 5. d3 d6 6. h3 Nd4 7. Bd2 Bxc3 8. bxc3 Nxf3+ 9. Qxf3 h6 10. g3 O-O 11.
Bg2 Nh7 12. O-O Ng5 13. Qh5 Ne6 14. f4 f6 15. f5 Ng5 16. h4 Nf7 17. Qe2 c5 18. g4 Bd7 19. Kh2 Bc6 20. Bf3 Re8 21.
Rg1 Kf8 22. g5 hxg5 23. Bh5 Ke7 24. Bxf7 Kxf7 25. Qh5+ Ke7 26. Qg6 Rg8 27. hxg5 Qf8 28. Rab1 b6 29. gxf6+ gxf6 30. Qh7+ Qf7 31. Qxf7+ Kxf7 32. Rg3 Rxg3 33. Kxg3 Rg8+ 34. Kf2 Rh8 35. Kg3 Ba4 36. Rb2 Bd1 37. a4 Rg8+ 38. Kf2 Rh8 39. a5 Rh2+ 40. Kg3 Re2 41. axb6 axb6 42. Ra2 Bb3 43. Ra7+ Ke8 44. Bh6 Bc2 45. Bg7 Bxd3 46. Bxf6 Bxe4 47. Kg4 Rg2+ 48. Kh5 Rf2 49. Re7+ Kf8 50.
Bg5 Rxf5 51. Rd7 Bd3 52. Rxd6 Bxc4 53. Kg6 Rf1 54. Rd8# 1-0

[Event "Early-Titled-Tuesday-Blitz-September-26-2023"]
[Site "Chess.com"]
[Date "2023.09.26"]
[Round "4"]
[White "JiiHart"]
[Black "Masterbeaterr"]
[Result "0-1"]
[WhiteElo "2174"]
[BlackElo "2448"]
[TimeControl "180+1"]
[EndTime "8:40:32 PDT"]
[Termination "Masterbeaterr won on time"]

1. e4 e5 2. Nf3 Nc6 3. Bc4 Nf6 4. d3 h6 5. c3 d6 6. h3 g6 7. O-O Bg7 8. Re1 O-O 9. Nbd2 Be6 10. Bxe6 fxe6 11.
Qb3 Qc8 12. d4 exd4 13. cxd4 d5 14. exd5 exd5 15. Ne5 Nxd4 16. Qd3 c5 17. Nxg6 Re8 18. Ne7+ Rxe7 19. Rxe7 Qf8 20. Rxb7 Re8 21. Nf3 Nxf3+ 22.
Qxf3 Re1+ 23. Kh2 Ne4 24. Qxf8+ Bxf8 25. Rb8 Re2 26. Bxh6 Rxf2 27. Rxf8+ Rxf8 28. Bxf8 Kxf8 29. Rf1+ Ke7 30. h4 d4 31. h5 Ng5 32. h6 d3 33. Kg3 c4 34. Kg4 Nh7 35. Rf4 Nf6+ 36. Kg5 Nd5 37. h7 Nxf4 38. h8=Q Ne6+ 39. Kf5 Kd7 40. Qh6 Nd4+ 41. Ke4 Ne2 42. Qh3+ Kd6 43. Qh6+ Kc5 44. g4 Ng3+ 45. Ke3 Kd5 46. Kd2 Ne4+ 47.
Ke1 Kd4 48. g5 c3 49. bxc3+ Kxc3 50. Qg7+ Kc2 51. Qc7+ Nc3 52. Qxc3+ Kxc3 53. g6 Kc2 54. g7 d2+ 55. Kf2 d1=Q 56. g8=Q Qd4+ 57. Kf3 Qd3+ 58. Kf2 a6 59. Qg7 Kb1 60. a4 Qc2+ 0-1

[Event "Early-Titled-Tuesday-Blitz-September-26-2023"]
[Site "Chess.com"]
[Date "2023.09.26"]
[Round "4"]
[White "NowInChess"]
[Black "Smile2005"]
[Result "1-0"]
[WhiteElo "2267"]
[BlackElo "2414"]
[TimeControl "180+1"]
[EndTime "8:40:33 PDT"]
[Termination "NowInChess won by checkmate"]

1. e4 c5 2. Nc3 e6 3. g3 d6 4. Bg2 Nc6 5. f4 Nge7 6. Nf3 g6 7.
d3 Bg7 8. O-O O-O 9. Be3 Nd4 10.
Qd2 Nec6 11. Nh4 b5 12. Rae1 b4 13. Nd1 a5 14. c3 bxc3 15. bxc3 Nb5 16. f5 exf5 17.
exf5 Ra6 18. Bd5 Kh8 19. fxg6 fxg6 20. Bg5 Rxf1+ 21. Rxf1 Qe8 22. Bh6 Be6 23. Bxg7+ Kxg7 24. Qg5 Bxd5 25. Qxd5 Ne5 26. d4 cxd4 27. cxd4 Nc6 28. Qxb5 Ra8 29. d5 Nd4 30. Qb2 Qe5 31. Qf2 Ne2+ 32.
Kh1 Qxd5+ 33. Ng2 Qf5 34. Qxf5 gxf5 35. Nf4 Nd4 36. Nd5 Rb8 37. N1e3 Rb2 38. Nxf5+ Nxf5 39. Rxf5 Rxa2 40. Rf1 a4 41. h4 a3 42. Nc3 d5 43.
Nxa2 d4 44. Rd1 Kg6 45. Rd3 Kf5 46. Rxd4 Ke5 47. Ra4 h5 48. Rxa3 Ke4 49. Ra4+ Kf3 50. Ra3+ Kg4 51. Kg2 Kf5 52. Ra4 Kg6 53. Rf4 Kh6 54. Kf3 Kg6 55. Ke4 Kh6 56. Ke5 Kg6 57. Ke6 Kh6 58. Kf6 Kh7 59. Rf5 Kh6 60. Rg5 Kh7 61.
Kf7 Kh6 62. Nb4 Kh7 63. Rxh5# 1-0

[Event "Early-Titled-Tuesday-Blitz-September-26-2023"]
[Site "Chess.com"]
[Date "2023.09.26"]
[Round "4"]
[White "Honiex"]
[Black "Mops_2004"]
[Result "0-1"]
[WhiteElo "2574"]
[BlackElo "2769"]
[TimeControl "180+1"]
[EndTime "8:40:35 PDT"]
[Termination "Mops_2004 won by resignation"]

1. d4 g6 2. Nc3 Bg7 3. e4 d6 4.
Nf3 a6 5. Be3 Nf6 6. Qd2 O-O 7.
Bh6 c5 8. h4 cxd4 9. Nxd4 Bxh6 10. Qxh6 Ng4 11. Qd2 h5 12. f3 Nf6 13. Qh6 Nc6 14.
O-O-O Nxd4 15. Rxd4 Qb6 16. Rd2 Be6 17. g4 Rfc8 18.
gxh5 Nxh5 19. Bh3 Bxh3 20. Nd5 Qd8 21. Rxh3 e6 22. Ne3 Qf6 23. Ng4 Qf4 24. Qxf4 Nxf4 25.
Rg3 Rd8 26. h5 Nxh5 27. Rg1 Kf8 28. Rf2 Ke7 29. f4 Nf6 30. Nxf6 Kxf6 31. e5+ Ke7 32. Rh1 Rh8 33. exd6+ Kxd6 34. Rd1+ Ke7 35. c4 Rac8 36.
b3 b5 37. Rd4 Rh5 38. Kc2 bxc4 39. Rxc4 Rxc4+ 40. bxc4 Rf5 41. Kc3 g5 42. Rb2 gxf4 43.
Kd4 f3 44. Rf2 Rf4+ 45. Kc5 e5 46. Kd5 Kf6 47. c5 Rd4+ 48. Kc6 e4 49. Kb7 Ke5 50. c6 Rc4 51. c7 Kf4 52. Rb2 f5 53. a4 a5 54. Rb6 Rxc7+ 55. Kxc7 f2 56. Rb1 e3 57. Kb6 e2 58. Kxa5 e1=Q+ 0-1

[Event "Early-Titled-Tuesday-Blitz-September-26-2023"]
[Site "Chess.com"]
[Date "2023.09.26"]
[Round "4"]
[White "zajka-molotok"]
[Black "FontVella8"]
[Result "0-1"]
[WhiteElo "2537"]
[BlackElo "2718"]
[TimeControl "180+1"]
[EndTime "8:40:35 PDT"]
[Termination "FontVella8 won on time"]

1. e4 c6 2. d4 d5 3. exd5 cxd5 4.
Bd3 Nf6 5. h3 Nc6 6. c3 g6 7.
Nf3 Bf5 8. Be2 e6 9. Bf4 Bd6 10.
Bxd6 Qxd6 11. O-O Kf8 12. Nbd2 h5 13. Re1 Kg7 14. a4 Ne4 15. Nxe4 Bxe4 16. Nd2 Bf5 17. Nf1 h4 18. a5 Rac8 19. Qd2 Ne7 20. Qg5 f6 21.
Qe3 g5 22. Bg4 Rc6 23. Nh2 Be4 24. Qe2 Ng6 25. Qd2 Nf4 26. Bf3 f5 27. Bxe4 dxe4 28. Nf1 Rg8 29. Red1 Kh7 30. Ne3 Rc7 31. c4 Rcg7 32.
d5 g4 33. hxg4 Rxg4 34. Nxg4 Rxg4 35. dxe6 Qxe6 36. Qd7+ Kg6 37. Qxe6+ Nxe6 38. Rd6 Kf6 39. Kh2 Ke5 40. Rd5+ Kf6 41. Rd7 Nc5 42. Rc7 Nd3 43. Rxb7 Nxf2 44. Rxa7 f4 45. Rb7 Rg3 46. a6 f3 47.
gxf3 exf3 48. Rb6+ Kf5 49. Ra5+ Ke4 50. Re6+ Kd3 51.
Rd5+ Kc2 52. Rd2+ Kxd2 0-1

[Event "Early-Titled-Tuesday-Blitz-September-26-2023"]
[Site "Chess.com"]
[Date "2023.09.26"]
[Round "4"]
[White "yoelpolanco"]
[Black "CristianS27"]
[Result "1-0"]
[WhiteElo "2338"]
[BlackElo "2499"]
[TimeControl "180+1"]
[EndTime "8:40:36 PDT"]
[Termination "yoelpolanco won by resignation"]

1. d4 Nf6 2. Nf3 g6 3. c4 Bg7 4. Nc3 O-O 5. e4 d6 6. Be2 e5 7. O-O exd4 8. Nxd4 Re8 9. f3 Nc6 10. Be3 Nh5 11. Nxc6 bxc6 12. Qd2 c5 13. Rab1 Qh4 14.
Bg5 Bd4+ 15. Qxd4 Qxg5 16. Qd5 Qe3+ 17. Kh1 Be6 18. Qd1 Rab8 19. Qc1 Qd4 20. Rd1 Qf2 21. Rf1 Qh4 22. Kg1 Nf4 23. g3 Nxe2+ 24. Nxe2 Qf6 25. b3 a5 26. Qc3 Qxc3 27. Nxc3 f5 28. Rbe1 fxe4 29. Nxe4 Kg7 30. Nc3 Bh3 31. Rxe8 Rxe8 32.
Rc1 a4 33. bxa4 c6 34. Kf2 Bf5 35. Rd1 Rd8 36. g4 Be6 37. Ne4 Bxc4 38. Nxd6 Bd5 39.
Nb7 Rb8 40. Nxc5 Rb2+ 41. Kg3 Rxa2 42. Rd3 g5 43. h4 h6 44. hxg5 hxg5 45. Re3 Rc2 46.
Ne6+ Kf6 47. Nc7 Ra2 48. Nxd5+ cxd5 49. Rd3 Ke5 50. Re3+ Kd4 51. Re6 Rxa4 52. Rg6 Ke3 53. Rxg5 d4 54. Re5+ Kd2 55. g5 d3 56. g6 Ra8 57.
Rd5 Kc3 58. f4 d2 59. f5 Kc2 60. f6 Ra6 61. g7 Ra1 62. Kg2 d1=Q 63. Rxd1 Rxd1 64.
g8=Q Rd2+ 65. Kf3 Rd8 66. Qxd8 1-0

[Event "Early-Titled-Tuesday-Blitz-September-26-2023"]
[Site "Chess.com"]
[Date "2023.09.26"]
[Round "4"]
[White "BogdanDeac"]
[Black "Wizard_97"]
[Result "1-0"]
[WhiteElo "2960"]
[BlackElo "2557"]
[TimeControl "180+1"]
[EndTime "8:40:37 PDT"]
[Termination "BogdanDeac won by resignation"]

1. b3 e5 2. Bb2 Nc6 3. Nf3 Bd6 4. c4 Qe7 5. Nc3 Nf6 6. d3 a6 7. e3 O-O 8. a3 b6 9. Be2 Bb7 10. O-O Nd8 11. b4 Ne6 12. Qb3 Rab8 13. Nd5 Nxd5 14. cxd5 Ng5 15. Nd2 f5 16. e4 f4 17. Rac1 Rf6 18.
Nf3 Rh6 19. Rfd1 Rf8 20. h3 Nxf3+ 21. Bxf3 g5 22. d4 Rg6 23. dxe5 Bxe5 24. d6+ Qe6 25. Qxe6+ Rxe6 26. Bxe5 Rxe5 27. dxc7 Bc6 28. Bg4 Re7 29. Rxc6 dxc6 30. c8=Q Rxc8 31. Bxc8 Rxe4 32. Bxa6 c5 33. bxc5 bxc5 34. Rc1 Ra4 35. Bc4+ Kg7 36. Rc3 Kf6 37. Bd3 h6 38. Kf1 Ke5 39. Ke2 Kd4 40. Kd2 h5 41. g3 fxg3 42. fxg3 h4 43. g4 c4 44. Rxc4+ Rxc4 45. Bxc4 Kxc4 46. Ke3 Kb3 47. Ke4 Kxa3 48. Kf5 Kb4 49. Kxg5 Kc5 50. Kxh4 Kd6 51. Kg5 Ke7 52.
Kg6 Kf8 53. Kh7 Kf7 54. g5 Ke6 55. h4 Kf5 56. Kh6 Kg4 57. h5 Kf5 58. g6 Kf4 59.
Kg7 Kg4 60. h6 Kf4 61. h7 Ke3 62. h8=Q Kd3 63. Qe8 Kd2 64. Kf6 Kd1 65. g7 Kc2 66. g8=Q Kc1 67. Qd5 Kb1 68. Qec6 1-0

[Event "Early-Titled-Tuesday-Blitz-September-26-2023"]
[Site "Chess.com"]
[Date "2023.09.26"]
[Round "4"]
[White "GMJustin"]
[Black "Kotofeyca"]
[Result "1-0"]
[WhiteElo "2235"]
[BlackElo "2376"]
[TimeControl "180+1"]
[EndTime "8:40:38 PDT"]
[Termination "GMJustin won by checkmate"]

1. d4 d5 2. c4 c6 3. Nf3 Nf6 4. Nc3 dxc4 5. a4 Bg4 6. e4 e5 7.
dxe5 Qxd1+ 8. Kxd1 Nfd7 9. Bf4 Bc5 10. Bg3 Bd4 11. Bxc4 Nxe5 12. Be2 Nxf3 13. gxf3 Be6 14.
Kc2 a5 15. Rad1 Bc5 16. f4 Na6 17. Bxa6 Rxa6 18. f5 Bc8 19. Rd2 Ke7 20. Rhd1 b6 21. Bd6+ Bxd6 22. Rxd6 Re8 23. Rxc6 Kf8 24. f3 Bb7 25. Rc7 Bc8 26. Rd6 h5 27. Nd5 h4 28.
Rdc6 Bxf5 29. exf5 Raa8 30. Nxb6 Rad8 31. Rc8 Ke7 32. Rxd8 Rxd8 33. Rc5 Rd4 34. Rxa5 Rf4 35. Re5+ Kf6 36. Re3 Rxf5 37. b4 Rg5 38. Kd3 Rg2 39.
Re2 Rg1 40. a5 h3 41. Nd5+ Kf5 42. a6 Rd1+ 43. Rd2 Ra1 44. b5 Ra3+ 45. Ke2 Ra4 46. b6 Ke5 47. b7 Rxa6 48. b8=Q+ Ke6 49. Qc8+ Ke5 50. Qxa6 Kf5 51. Qd6 f6 52. Qf4+ Kg6 53. Ne7+ Kf7 54. Qc4+ Kxe7 55. Ra2 Kf8 56. Ra7 f5 57.
Qf7# 1-0

[Event "Early-Titled-Tuesday-Blitz-September-26-2023"]
[Site "Chess.com"]
[Date "2023.09.26"]
[Round "4"]
[White "ferdipy"]
[Black "Kostya0705"]
[Result "1-0"]
[WhiteElo "2301"]
[BlackElo "2607"]
[TimeControl "180+1"]
[EndTime "8:40:39 PDT"]
[Termination "ferdipy won by checkmate"]

1. e4 c5 2. d4 cxd4 3. c3 dxc3 4. Nxc3 e6 5. Bc4 a6 6. Nf3 b5 7. Bb3 Nc6 8. O-O Nge7 9. Qe2 Ng6 10. Rd1 Bb7 11. Be3 Na5 12. Rac1 Nxb3 13. axb3 Be7 14. Rd2 O-O 15. Rcd1 d6 16. h4 Qc7 17. h5 Ne5 18.
Ng5 h6 19. Nh3 b4 20. Na4 Bc6 21. Nb6 Rab8 22. Nc4 Bb5 23. Rd4 Rfc8 24. Rc1 Nc6 25. Rdd1 Rd8 26. Qg4 Kh8 27. Qg3 Rd7 28. Qf3 Bf6 29.
Qg3 e5 30. Qg4 Nd4 31. Bxd4 exd4 32. Ne5 Qd8 33. Nxd7 Bxd7 34. Qg3 Be5 35. f4 Bf6 36. e5 dxe5 37. fxe5 Be7 38. Rxd4 Qb6 39. Rc4 Bc5 40. Qe3 Be6 41. Rxc5 Qxc5 42. Rd8+ Qf8 43. Rxf8+ Rxf8 44. Nf4 Bf5 45. Qc5 Rb8 46. Qd6 Rb7 47. Qc6 Rd7 48.
Qxa6 Rd1+ 49. Kh2 Rd2 50. Qa8+ Kh7 51. Qd5 Rxb2 52. Qxf7 Be4 53. e6 Bc6 54. e7 Rf2 55. Qg6+ Kg8 56. Ne6 Rf6 57. Qxg7# 1-0

[Event "Early-Titled-Tuesday-Blitz-September-26-2023"]
[Site "Chess.com"]
[Date "2023.09.26"]
[Round "4"]
[White "HanSchut"]
[Black "Grossboss19"]
[Result "0-1"]
[WhiteElo "2329"]
[BlackElo "2519"]
[TimeControl "180+1"]
[EndTime "8:40:40 PDT"]
[Termination "Grossboss19 won on time"]

1. e4 c5 2. Nf3 Nc6 3. d4 cxd4 4. Nxd4 d6 5. c4 Nf6 6. Nc3 e5 7. Nc2 Be7 8. Bg5 h6 9. Bxf6 Bxf6 10. Bd3 O-O 11. O-O Be6 12. b3 Rc8 13. Kh1 a6 14.
Ne3 Bg5 15. Ncd5 Nd4 16. f4 exf4 17. Nxf4 Nc6 18. Ned5 Ne5 19. Be2 Ng6 20. Nxg6 fxg6 21. Nc3 Qe7 22. Qd3 Bf6 23. Rad1 Be5 24. g3 h5 25. Nd5 Qg5 26. Qd2 Rxf1+ 27. Bxf1 Qxd2 28. Rxd2 Rf8 29. Bg2 g5 30. Kg1 h4 31. gxh4 gxh4 32.
Ne3 h3 33. Bf1 Rf3 34. Nd5 g5 35. Be2 Rf7 36. Bf1 g4 37. Be2 g3 38. hxg3 Bxg3 39.
Bh5 Rh7 40. Nf6+ Kg7 41. Nxh7 Kxh7 42. Bf3 h2+ 43. Kh1 Kh6 44. Rxh2+ Bxh2 45. Kxh2 Kg5 46. Kg3 b6 47. Bg2 a5 48. Kf3 Kf6 49. Ke3 Ke5 50. Bf3 Bh3 51. Be2 Bg2 52. Bf3 Bh3 53. Be2 Bd7 54.
Bd3 a4 55. Be2 a3 56. Bd3 Bg4 57. Bc2 Bh5 58. Bd3 Bd1 59. Kd2 Bxb3 0-1

[Event "Early-Titled-Tuesday-Blitz-September-26-2023"]
[Site "Chess.com"]
[Date "2023.09.26"]
[Round "4"]
[White "Martial2008"]
[Black "Boxerandchessplayer"]
[Result "1-0"]
[WhiteElo "2616"]
[BlackElo "2177"]
[TimeControl "180+1"]
[EndTime "8:40:41 PDT"]
[Termination "Martial2008 won by resignation"]

1. d4 e6 2. Nf3 d5 3. Bg5 Be7 4. h4 Nf6 5. e3 h6 6. Bf4 Bd6 7.
Ne5 c5 8. c3 Qc7 9. Nd2 Nbd7 10. Ndf3 Ne4 11. Bd3 b6 12. c4 Bb7 13. Rc1 O-O-O 14.
cxd5 exd5 15. Nxf7 Bxf4 16. Nxd8 Bxe3 17. Bxe4 Bxc1 18. Ne6 Qd6 19. Bf5 Bxb2 20. O-O Kb8 21. Qb3 Bxd4 22. Nexd4 cxd4 23. Nxd4 Nc5 24. Qe3 Rf8 25. Re1 Ne4 26. Bxe4 dxe4 27. Rd1 Qf6 28. g3 Rd8 29. Rd2 Qe5 30. Kh2 Qf6 31. Kg1 a6 32.
Nc2 Ka7 33. Rxd8 Qxd8 34. Kh2 Qd3 35. Nd4 Qxe3 36. fxe3 Bd5 37. a3 g6 38. g4 b5 39. g5 hxg5 40. hxg5 Kb6 41. Kg3 a5 42. Kf4 b4 43. axb4 axb4 44. Ke5 b3 45. Nxb3 Bxb3 46. Kf6 Kc6 47. Kxg6 Kd6 48. Kf6 Bg8 49. g6 Kd5 50. Kf5 Kc4 51. Kxe4 Kc5 52. Ke5 Kc6 53. e4 Kd7 54.
Kf6 Ke8 55. e5 Bd5 56. e6 Bxe6 57. Kxe6 Kf8 58. Kf6 Kg8 59. g7 1-0

[Event "Early-Titled-Tuesday-Blitz-September-26-2023"]
[Site "Chess.com"]
[Date "2023.09.26"]
[Round "4"]
[White "Shield12"]
[Black "moro182"]
[Result "1/2-1/2"]
[WhiteElo "2968"]
[BlackElo "2820"]
[TimeControl "180+1"]
[EndTime "8:40:43 PDT"]
[Termination "Game drawn - insufficient material"]

1. e4 e5 2. Nf3 d6 3. d4 exd4 4. Nxd4 Nf6 5. Nc3 Be7 6. Be2 O-O 7. Bf4 Re8 8. Qd2 Bf8 9. f3 a6 10. Bg5 Be7 11. h4 c5 12. Nf5 Bxf5 13. exf5 Nc6 14. O-O-O Nd4 15. Bd3 d5 16. Ne2 Nxe2+ 17. Bxe2 d4 18.
Kb1 Nd5 19. Bc4 b5 20. Bxd5 Qxd5 21. Rhe1 f6 22. Bf4 Qxf5 23. g4 Qd5 24. g5 fxg5 25.
hxg5 Bd6 26. Bxd6 Qxd6 27. f4 Rxe1 28. Rxe1 Rf8 29. Re4 Qd5 30. Qe1 c4 31. Re5 Qf3 32. a4 d3 33. axb5 dxc2+ 34. Kxc2 axb5 35. Rxb5 Qd3+ 36. Kc1 c3 37. Rb4 cxb2+ 38. Kxb2 Qd6 39. Qc3 Qe7 40. Qb3+ Kh8 41. Rb8 Qe2+ 42. Ka3 Qe7+ 43. Kb2 Qd6 44.
Rxf8+ Qxf8 45. Qe6 Qg8 46. Qxg8+ Kxg8 47. Kc3 Kf7 48.
f5 h6 49. gxh6 gxh6 50. Kd4 Kf6 51. Ke3 h5 52. Kf2 h4 53. Kg1 Kxf5 54. Kh2 h3 55.
Kxh3 1/2-1/2

[Event "Early-Titled-Tuesday-Blitz-September-26-2023"]
[Site "Chess.com"]
[Date "2023.09.26"]
[Round "4"]
[White "FREDERICKtheMATE"]
[Black "Dedic8"]
[Result "1/2-1/2"]
[WhiteElo "2591"]
[BlackElo "2812"]
[TimeControl "180+1"]
[EndTime "8:40:43 PDT"]
[Termination "Game drawn - insufficient material"]

1. Nf3 d5 2. g3 Nc6 3. d4 Bf5 4. Bg2 Nb4 5. Na3 e6 6. O-O h6 7. c3 Nc6 8. Nc2 Nf6 9. b3 Bd6 10. Bb2 O-O 11. c4 Be4 12. Ne3 a5 13. Ne5 Bxg2 14.
Kxg2 Ne7 15. Rc1 c6 16. N3g4 Nxg4 17. Nxg4 Nf5 18. Qd3 a4 19. e4 dxe4 20. Qxe4 axb3 21. axb3 Ra2 22. Rb1 Qg5 23. Ne5 Bxe5 24. Qxe5 Rd8 25.
Qc7 Nxd4 26. Bxd4 Rxd4 27. Qxb7 Qc5 28. Qc8+ Kh7 29. Qc7 Kg6 30. Rbe1 Rd3 31. Re4 h5 32. b4 Qxb4 33. Qxc6 Rdd2 34. Rf4 Qe7 35. Qe4+ Kh6 36. Qe3 Kh7 37. Qf3 Kg6 38. h4 Rac2 39. Qe4+ Kh6 40. Rf5 g6 41. Qf4+ Kg7 42. Re5 Qb7+ 43. Qe4 Qxe4+ 44. Rxe4 Kf6 45. Rf4+ Kg7 46. Ra1 e5 47.
Rf3 e4 48. Rf4 e3 49. Re1 Rxf2+ 50. Rxf2 exf2 51. Rf1 Kf6 52. Rxf2+ Rxf2+ 53. Kxf2 Ke5 54. Ke3 f6 55. Kd3 g5 56. hxg5 fxg5 57. Ke3 Kd6 58. Ke4 Kc5 59. Kf5 h4 60. gxh4 gxh4 61. Kg4 Kxc4 62.
Kxh4 1/2-1/2

[Event "Early-Titled-Tuesday-Blitz-September-26-2023"]
[Site "Chess.com"]
[Date "2023.09.26"]
[Round "4"]
[White "simplerXiao"]
[Black "jjlai1111"]
[Result "0-1"]
[WhiteElo "2506"]
[BlackElo "2347"]
[TimeControl "180+1"]
[EndTime "8:40:44 PDT"]
[Termination "jjlai1111 won by resignation"]

1. e4 c6 2. d4 d5 3. e5 c5 4. dxc5 e6 5. Bd3 Bxc5 6. Nf3 Nc6 7. O-O h6 8. a3 a6 9. b4 Ba7 10. Bb2 Nge7 11. Qe2 Bd7 12. Nbd2 b5 13. Nb3 Bb6 14. Kh1 Qb8 15. Rfe1 Qa7 16. a4 Nxb4 17. axb5 Nxd3 18. cxd3 Bxb5 19. Nbd4 Bd7 20. Nc2 O-O 21. Ba3 Rfe8 22. d4 Bb5 23. Qd2 Qd7 24. Ne3 Nf5 25. Nxf5 exf5 26. Qf4 Bd8 27. h4 Qe6 28. Kg1 Rc8 29. Bc5 Be7 30. Rec1 Bc4 31. Ra5 Bxc5 32. dxc5 Qe7 33.
Qd4 Rc6 34. Rxc4 dxc4 35. Qxc4 Rec8 36. Rxa6 Rxc5 37. Qf4 Qd7 38. Rd6 Qe7 39. Qxf5 Qxd6 40. Qxc8+ Rxc8 41. exd6 Rd8 42. Kh2 Rxd6 43. g4 g6 44. Kg3 Kg7 45. Ne5 Kf6 46. f4 Ke6 47.
Kf3 Ra6 48. Nc4 Ra4 49. Ne3 Kd6 50. h5 gxh5 51. gxh5 Ra5 52. Kg4 Ke6 53. Nc4 Rc5 54.
Ne5 Rxe5 55. fxe5 Kxe5 56. Kg3 Kf5 57. Kh4 Kf4 58. Kh3 Kg5 59. Kg3 Kxh5 60. Kf4 Kg6 61. Kg4 f5+ 62. Kf4 h5 63. Kg3 Kg5 64. Kh3 f4 65. Kh2 h4 66. Kh3 Kh5 67. Kh2 Kg4 68.
Kg2 f3+ 69. Kh2 h3 70. Kh1 Kg3 71. Kg1 f2+ 72. Kf1 h2 73. Ke2 h1=Q 74. Ke3 f1=Q 0-1

[Event "Early-Titled-Tuesday-Blitz-September-26-2023"]
[Site "Chess.com"]
[Date "2023.09.26"]
[Round "4"]
[White "Rosh1610"]
[Black "AleksandrAleksikov"]
[Result "1-0"]
[WhiteElo "2479"]
[BlackElo "2221"]
[TimeControl "180+1"]
[EndTime "8:40:45 PDT"]
[Termination "Rosh1610 won on time"]

1. e4 c5 2. Nc3 Nc6 3. f4 g6 4. Nf3 Bg7 5. a4 e6 6. e5 Nge7 7. Bb5 O-O 8. O-O Nd4 9. Nxd4 cxd4 10.
Ne4 a6 11. Bc4 d5 12. exd6 Nf5 13. d3 Nxd6 14. Nxd6 Qxd6 15. b3 Rd8 16. Ba3 Qc7 17. a5 Bd7 18. Qe2 Bb5 19. Bb4 Rd7 20. Bd2 Rc8 21.
h4 h5 22. Rae1 Qd8 23. Qf2 Qf6 24. Re5 Qe7 25. Re2 Bc6 26. f5 gxf5 27. Rfe1 Bd5 28.
Qxf5 Qxh4 29. Qf1 Bxc4 30. bxc4 Rc5 31. Re4 Qg3 32. Bf4 Qg6 33. Qe2 Rf5 34. Bh2 Rg5 35. Rf1 Kh7 36. Ref4 f5 37. Kh1 Rg4 38. R4f2 e5 39.
Rxf5 Re7 40. Qf3 e4 41. dxe4 Rexe4 42. Rf7 Re3 43. Qf2 Rge4 44. Rxb7 Re2 45. Qf3 R4e3 46. Qf7 Rxg2 47. Qxg6+ Rxg6 48. Rd1 Kg8 49. Rg1 Rxg1+ 50. Kxg1 Re2 51. Rb8+ Kh7 52. Rb7 Kg6 53. Rb6+ Kf5 54. Rxa6 Rxc2 55. Ra7 1-0

[Event "Early-Titled-Tuesday-Blitz-September-26-2023"]
[Site "Chess.com"]
[Date "2023.09.26"]
[Round "4"]
[White "Mackster23"]
[Black "Evgeny81"]
[Result "0-1"]
[WhiteElo "2559"]
[BlackElo "2754"]
[TimeControl "180+1"]
[EndTime "8:40:47 PDT"]
[Termination "Evgeny81 won by resignation"]

1. e4 c5 2. Nc3 g6 3. Nge2 Bg7 4. d4 cxd4 5. Nxd4 Nc6 6. Be3 d6 7. Qd2 Nf6 8. f3 Bd7 9. Bc4 Rc8 10. Bb3 Ne5 11.
O-O-O h5 12. Rhe1 Nc4 13. Bxc4 Rxc4 14. Kb1 a6 15. Bg5 O-O 16. Nb3 Nh7 17. Bh6 Bxc3 18.
bxc3 Re8 19. e5 Be6 20. exd6 Qxd6 21. Qxd6 exd6 22. Rxd6 Rxc3 23. Bd2 Rc7 24. Ba5 Rcc8 25. Nd4 Nf8 26. a3 Rc4 27. Nxe6 Nxe6 28. Rd7 b6 29. Bxb6 Rb8 30. Rd6 Nd4 31. Re4 Nxc2 32. Ka2 Rxe4 33. fxe4 Ne1 34. g3 Nf3 35. a4 Nxh2 36. a5 Nf1 37.
Bc7 Rc8 38. Bd8 Nxg3 39. e5 Nf5 40. Rd3 h4 41. Bf6 Kh7 42. Rh3 Kh6 43. Bxh4 Nxh4 44. Rxh4+ Kg5 45. Rh7 Rc5 46. Rxf7 Rxe5 47. Ra7 Rxa5+ 48.
Kb3 Kf4 49. Rf7+ Rf5 50. Ra7 a5 51. Ra8 g5 52. Rc8 g4 53. Rc4+ Kg3 54. Ka4 Kh4 55.
Rd4 Kh3 56. Rd8 g3 57. Rh8+ Kg2 58. Rg8 Kf3 59. Rg6 g2 60. Rg8 Rf4+ 61. Kxa5 Rg4 62.
Rf8+ Kg3 63. Rf1 gxf1=Q 0-1

[Event "Early-Titled-Tuesday-Blitz-September-26-2023"]
[Site "Chess.com"]
[Date "2023.09.26"]
[Round "4"]
[White "djokovic74"]
[Black "whiteglovethief"]
[Result "1-0"]
[WhiteElo "2696"]
[BlackElo "2504"]
[TimeControl "180+1"]
[EndTime "8:40:48 PDT"]
[Termination "djokovic74 won by resignation"]

1. e4 e6 2. d4 d5 3. Nd2 c5 4. exd5 exd5 5. Ngf3 Nc6 6. Bb5 Bd6 7. O-O Ne7 8. dxc5 Bxc5 9. Nb3 Bd6 10. Nbd4 O-O 11. Re1 Bg4 12. Be3 Qc7 13. h3 Bh5 14. c3 Rad8 15.
Be2 a6 16. Qd2 Bg6 17. Rad1 Rfe8 18. Bd3 Be4 19. Bb1 Nxd4 20. Nxd4 Nc6 21. Nf5 Be5 22. Nd4 f5 23. f3 Bxb1 24. Rxb1 f4 25. Bf2 Bxd4 26.
Bxd4 Nxd4 27. Qxd4 Qc4 28. Rxe8+ Rxe8 29. Rd1 Qxa2 30. Qxd5+ Qxd5 31. Rxd5 Re2 32. Rd8+ Kf7 33. Rd7+ Re7 34. Rd4 g5 35. Kf2 h6 36. Rd6 Re6 37. Rd7+ Re7 38. Rd5 Ke6 39. Rd4 Rd7 40. Re4+ Kf6 41.
Ke2 Re7 42. Kd3 Re5 43. Kd4 Rxe4+ 44. Kxe4 Ke6 45. h4 a5 46. hxg5 hxg5 47. c4 a4 48.
c5 Kd7 49. Kf5 Kc6 50. Kxg5 Kxc5 51. Kxf4 b5 52. g4 b4 53. g5 Kd6 54. g6 Ke6 55. Kg5 a3 56. bxa3 bxa3 57. Kh6 a2 58. g7 a1=Q 59.
g8=Q+ Kf5 60. Qg4+ Kf6 61. Qg7+ 1-0